[Event "Team 45 45 League T52"]
[Site "Internet Chess Club"]
[Date "2012.03.21"]
[Round "5"]
[White "chess9793"]
[Black "NFork"]
[Result "1-0"]
[WhiteElo "2142"]
[BlackElo "2170"]
[Opening "Caro-Kann: Tartakower (fantasy) variation"]
[ECO "B12"]
[Time "17:33:51"]
[TimeControl "2700+45"]

1. e4 c6 2. d4 d5 3. f3 e6 4. Nc3 Bd6 5. Be3 Ne7 6. Qd2 b6 7. Nge2 Ba6 8. g4 Nd7
9. h4 dxe4 10. Nxe4 Bc7 11. Bg5 h6 12. Bf4 e5 13. Bg3 f5 14. N4c3 O-O 15. O-O-O
f4 16. Bf2 Qe8 17. d5 cxd5 18. Nxd5 Nxd5 19. Qxd5+ Rf7 20. g5 Nf8 21. Nc3 Rd8
22. Qb3 Rxd1+ 23. Kxd1 Bxf1 24. Rxf1 Kh7 25. Kc1 Rd7 26. gxh6 Kxh6 27. Ne4 Qe6
28. Qxe6+ Nxe6 29. Rg1 Bd8 30. a4 Nd4 31. Bxd4 Rxd4 32. Rd1 Rxd1+ 33. Kxd1 Bxh4
34. Ke2 Be7 35. Kd3 Kg6 36. a5 Kf5 37. axb6 axb6 38. c3 g5 39. Nf2 Bc5 40. Ng4
e4+ 41. Ke2 Bf8 42. Nf2 exf3+ 43. Kxf3 Bg7 44. Ng4 Bh8 45. Nf2 Be5 46. Ng4 Bg7
47. Nf2 Bf6 48. Ng4 Be7 49. Nf2 Bc5 50. Ng4 Ke6 51. Ke4 Be7 52. Nf2 Kf6 53. Kf3
Ke5 54. Ng4+ Kf5 55. Nf2 Bc5 56. Ng4 Bf8 57. Nf2 Bg7 58. Ng4 Kg6 59. Nf2 Kh5 60.
Ng4 Kh4 61. Nf2 Bf8 62. Ng4 Bc5 63. Nf6 Be7 64. Ng4 Kh3 65. Nf2+ Kh2 66. Ne4 Kg1
67. b4 b5 68. Nd2 Bd8 69. c4 bxc4 70. Nxc4 Kh2 71. Ne5 Kh3 72. Ng4 Bb6 73. Nf6
Bd4 74. Ng4 Be3 75. b5 Bd4 76. Nh6 Kh4 77. Nf5+ Kh3 78. Nxd4 g4+ 79. Kxf4 g3 80.
Ne2 {Black resigns} 1-0

[Event "Team 45 45 League T52"]
[Site "Internet Chess Club"]
[Date "2012.03.18"]
[Round "5"]
[White "pentti63"]
[Black "mcorallo"]
[Result "0-1"]
[WhiteElo "2188"]
[BlackElo "2083"]
[Opening "Queen's Indian: Petrosian system"]
[ECO "E12"]
[Time "11:04:35"]
[TimeControl "2700+45"]

1. d4 Nf6 2. c4 e6 3. Nf3 b6 4. a3 Ba6 5. Qc2 Bb7 6. Nc3 c5 7. e4 cxd4 8. Nxd4
Bc5 9. Nb3 Be7 10. Be2 d6 11. O-O Nbd7 12. Rd1 a6 13. Be3 Qc7 14. Rac1 O-O 15.
f3 Rac8 16. Nd4 Rfe8 17. Bf1 Qb8 18. Qf2 Ne5 19. Na4 Ba8 20. Nb3 Nfd7 21. c5
bxc5 22. Na5 Nb6 23. Nxb6 Qxb6 24. b4 Red8 25. Qe2 Rb8 26. Rb1 Qc7 27. Qxa6 d5
28. bxc5 Bxc5 29. Bxc5 Qxc5+ 30. Kh1 Rxb1 31. Rxb1 dxe4 32. Rb5 Qf2 33. Rxe5
exf3 34. Nc6 Bxc6 35. g3 Qxf1+ 36. Qxf1 f2+ {White resigns} 0-1

[Event "Team 45 45 League T52"]
[Site "Internet Chess Club"]
[Date "2012.03.18"]
[Round "5"]
[White "searchforbobby1"]
[Black "Zumbi"]
[Result "1-0"]
[WhiteElo "2155"]
[BlackElo "2137"]
[Opening "French: Winawer, advance, Bogolyubov variation"]
[ECO "C17"]
[Time "21:10:02"]
[TimeControl "2700+45"]

1. e4 e6 2. d4 d5 3. Nc3 Bb4 4. e5 c5 5. Bd2 Nc6 6. Nb5 Bxd2+ 7. Qxd2 Nxd4 8.
Nd6+ Kf8 9. O-O-O Ne7 10. g4 Qc7 11. Qf4 Ng6 12. Qg3 Bd7 13. h4 h5 14. Bd3 Ne7
15. c3 Ndc6 16. Qf4 Be8 17. Nf3 Nc8 18. Ng5 Kg8 19. Nxe8 {Black resigns} 1-0

[Event "Team 45 45 League T52"]
[Site "Internet Chess Club"]
[Date "2012.03.18"]
[Round "5"]
[White "grabuark"]
[Black "Burning-Bush"]
[Result "1-0"]
[WhiteElo "2186"]
[BlackElo "2012"]
[Opening "Sicilian: Alapin's variation (2.c3)"]
[ECO "B22"]
[Time "15:31:48"]
[TimeControl "2700+45"]

1. e4 c5 2. c3 d5 3. exd5 Qxd5 4. d4 cxd4 5. cxd4 Nc6 6. Nf3 e5 7. Nc3 Bb4 8.
Bd2 Bxc3 9. Bxc3 e4 10. Nd2 Nf6 11. Bc4 Qg5 12. d5 Ne5 13. Bb5+ Nfd7 14. O-O O-O
15. Nxe4 Qf4 16. Qd4 f6 17. Nd6 Qxd4 18. Bxd4 Rd8 19. f4 Ng6 20. Rac1 Nb6 21.
Bxb6 Rxd6 22. Bc7 Rd7 23. d6 Nf8 24. Rfe1 g6 25. Re8 Kf7 26. Rce1 {Black
resigns} 1-0

[Event "Team 45 45 League T52"]
[Site "Internet Chess Club"]
[Date "2012.03.17"]
[Round "5"]
[White "screamingeagle"]
[Black "Ptzz"]
[Result "1-0"]
[WhiteElo "2013"]
[BlackElo "2077"]
[Opening "Caro-Kann: exchange variation"]
[ECO "B13"]
[Time "12:03:24"]
[TimeControl "2700+45"]

1. e4 c6 2. d4 d5 3. exd5 cxd5 4. Bd3 Nc6 5. c3 Qc7 6. f4 Nf6 7. Nf3 Bg4 8. O-O
e6 9. h3 Bh5 10. Qe1 Bxf3 11. Rxf3 O-O-O 12. b4 Bd6 13. Na3 Qd7 14. Nc2 Nh5 15.
a4 g5 16. fxg5 Qc7 17. a5 e5 18. dxe5 Nxe5 19. Re3 Nxd3 20. Rxd3 Bg3 21. Qd1 Nf4
22. Qg4+ Kb8 23. Rxg3 Ne2+ 24. Kf2 Qxg3+ 25. Qxg3+ Nxg3 26. Kxg3 Rde8 27. Nd4
Re4 28. Bf4+ Kc8 29. Nb5 Kd7 30. Nxa7 f6 31. gxf6 Rf8 32. Kf3 Rxf6 33. g3 Rfe6
34. Nb5 Re1 35. Rxe1 Rxe1 36. Kg4 Re4 37. Nd6 Re1 38. Nxb7 d4 39. cxd4 Rb1 40.
Nc5+ Kc6 41. a6 Kb6 42. Bb8 Rxb4 43. a7 Rxd4+ 44. Kf3 {Black resigns} 1-0

[Event "Team 45 45 League T52"]
[Site "Internet Chess Club"]
[Date "2012.03.15"]
[Round "5"]
[White "sibirica"]
[Black "MikeA"]
[Result "1-0"]
[WhiteElo "2421"]
[BlackElo "2224"]
[Opening "Sicilian: dragon, Yugoslav attack, Rauser variation"]
[ECO "B76"]
[Time "19:00:33"]
[TimeControl "2700+45"]

1. e4 c5 2. Nf3 d6 3. d4 cxd4 4. Nxd4 Nf6 5. Nc3 g6 6. Be3 Bg7 7. f3 Nc6 8. Qd2
O-O 9. O-O-O d5 10. Kb1 Nxd4 11. e5 Nd7 12. Bxd4 Nxe5 13. Qe3 Nc6 14. Bxg7 Kxg7
15. Nxd5 e6 16. Nc3 Qe7 17. h4 h5 18. Bd3 Bd7 19. Ne4 Rac8 20. g4 Rh8 21. gxh5
Rxh5 22. Ng3 Re5 23. Qd2 Rh8 24. Bxg6 fxg6 25. Qxd7 Rf8 26. Qxe7+ Nxe7 27. Rd7
Rf7 28. Rxb7 Re3 29. Ne4 Rexf3 30. a4 a5 31. Ng5 Rf1+ 32. Rxf1 Rxf1+ 33. Ka2 Kf6
34. Ne4+ Kf7 35. Nd6+ Kf6 36. Rb8 Nf5 37. Nxf5 exf5 38. b4 Rf4 39. Kb3 Rxh4 40.
bxa5 f4 41. a6 Rh7 42. Kc4 Ke5 43. Rb7 Rh8 44. a7 f3 45. Kd3 Ra8 46. Ke3 Kd5 47.
a5 Kc5 48. Kxf3 Kc4 49. Ke4 g5 50. Kf5 Kc3 51. Kxg5 Kxc2 52. Kf6 Kc3 53. Ke6 Kc4
54. Kd6 {Black resigns} 1-0

[Event "Team 45 45 League T52"]
[Site "Internet Chess Club"]
[Date "2012.03.17"]
[Round "5"]
[White "StephenHawking"]
[Black "zeigmata"]
[Result "0-1"]
[WhiteElo "2070"]
[BlackElo "2252"]
[Opening "Nimzo-Indian: classical variation"]
[ECO "E32"]
[Time "06:41:21"]
[TimeControl "2700+45"]

1. d4 Nf6 2. c4 e6 3. Nc3 Bb4 4. Qc2 O-O 5. a3 Bxc3+ 6. Qxc3 d5 7. Nf3 dxc4 8.
Qxc4 b6 9. g3 Ba6 10. Qc2 Nbd7 11. Bg2 Bb7 12. Bf4 Rc8 13. O-O c5 14. Qa4 a6 15.
Bd6 Re8 16. Rac1 b5 17. Qd1 c4 18. Ne1 Bxg2 19. Nxg2 Qb6 20. Bf4 a5 21. Re1 Red8
22. Rc2 Nf8 23. Rd2 Ne4 24. Be3 Nxd2 25. Qxd2 b4 26. axb4 axb4 27. Rd1 c3 28.
bxc3 bxc3 29. Qd3 c2 30. Rc1 Qb2 31. Ne1 e5 32. d5 Qc3 33. Qe4 Rc4 34. Qf3 e4
35. Qf5 g6 36. Qg5 f6 37. Qf4 Rxd5 38. Nxc2 Qb2 39. Kg2 g5 40. Qg4 h5 41. Qxh5
Rxc2 42. Re1 Qe5 43. Rh1 Rc7 44. h4 Rh7 45. Qg4 Qf5 {White resigns} 0-1

[Event "Team 45 45 League T52"]
[Site "Internet Chess Club"]
[Date "2012.03.17"]
[Round "5"]
[White "qlwqznzn"]
[Black "mcplayerus"]
[Result "1-0"]
[WhiteElo "2386"]
[BlackElo "2104"]
[Opening "Sicilian: Kan variation"]
[ECO "B41"]
[Time "09:00:54"]
[TimeControl "2700+45"]

1. e4 c5 2. Nf3 e6 3. d4 cxd4 4. Nxd4 a6 5. Be2 Qc7 6. O-O Nf6 7. Bf3 Nc6 8. Nc3
Ne5 9. Be2 d6 10. f4 Ned7 11. Bf3 Be7 12. Kh1 O-O 13. g4 Nb6 14. g5 Nfd7 15. f5
Ne5 16. Bg2 Bd8 17. Qh5 g6 18. Qh6 Ng4 19. Qh3 exf5 20. exf5 Ne5 21. Ne4 f6 22.
gxf6 Bxf6 23. Bh6 Bg7 24. Bxg7 Qxg7 25. Qb3+ Nbc4 26. Nxd6 Qc7 27. Nxc4 {Black
resigns} 1-0

[Event "Team 45 45 League T52"]
[Site "Internet Chess Club"]
[Date "2012.03.17"]
[Round "5"]
[White "RedAttack"]
[Black "vnchess"]
[Result "1/2-1/2"]
[WhiteElo "1934"]
[BlackElo "2085"]
[Opening "QGD Slav: exchange variation"]
[ECO "D13"]
[Time "11:04:57"]
[TimeControl "2700+45"]

1. Nf3 Nf6 2. d4 c5 3. c3 cxd4 4. cxd4 d5 5. Nc3 Nc6 6. Bf4 Ne4 7. e3 Qa5 8. Qc2
Bf5 9. Qb3 Nxc3 10. bxc3 e6 11. Be2 Qb6 12. O-O Be7 13. c4 O-O 14. Ne5 Qxb3 15.
axb3 Nxe5 16. Bxe5 Bc2 17. c5 a5 18. Bd1 Bd3 19. Re1 Rfc8 20. Ra2 f6 21. Bg3 Kf7
22. Bf3 f5 23. Rea1 Bd8 24. b4 b6 25. Bd6 bxc5 26. Bxc5 Rcb8 27. h3 Rb5 28. g4
g6 29. gxf5 gxf5 30. Ra3 Bc4 31. Bh5+ Kf6 32. Be8 Rbb8 33. bxa5 Rxa5 34. Rxa5
Bxa5 35. Rxa5 Rxe8 36. Ra7 Rg8+ 37. Kh2 Rg7 38. Ra8 Rg6 39. Bd6 Bf1 40. Bg3
{Game drawn by mutual agreement} 1/2-1/2

[Event "Team 45 45 League T52"]
[Site "Internet Chess Club"]
[Date "2012.03.16"]
[Round "5"]
[White "AugustoCaruso"]
[Black "Y-ElGhazali"]
[Result "1-0"]
[WhiteElo "2198"]
[BlackElo "2166"]
[Opening "Queen's pawn game"]
[ECO "A45"]
[Time "14:02:02"]
[TimeControl "2700+45"]

1. d4 Nf6 2. Nc3 c5 3. d5 e6 4. e4 d6 5. Bb5+ Nbd7 6. dxe6 fxe6 7. e5 dxe5 8.
Nf3 a6 9. Bxd7+ Qxd7 10. Qe2 Bd6 11. Bg5 O-O 12. O-O-O Qc6 13. Nxe5 Bxe5 14.
Qxe5 Ng4 15. Qg3 e5 16. Nd5 Kh8 17. f3 Nh6 18. Qxe5 Rf5 19. Ne7 Qe8 20. Qe3 Rxg5
21. Qxg5 Be6 22. Rhe1 Qf7 23. Qxc5 Ng8 24. Nxg8 Rxg8 25. b3 h6 26. Qe5 Bf5 27.
Qe7 Qg6 28. Re2 Rc8 29. Rd8+ Rxd8 30. Qxd8+ Kh7 31. g4 Qg5+ 32. Qxg5 {Black
resigns} 1-0

[Event "Team 45 45 League T52"]
[Site "Internet Chess Club"]
[Date "2012.03.17"]
[Round "5"]
[White "M-Abotreka"]
[Black "QueensCounselor"]
[Result "1/2-1/2"]
[WhiteElo "2114"]
[BlackElo "2130"]
[Opening "King's Indian: orthodox, Aronin-Taimanov, bayonet attack"]
[ECO "E97"]
[Time "07:05:00"]
[TimeControl "2700+45"]

1. d4 Nf6 2. c4 g6 3. Nc3 Bg7 4. e4 d6 5. Be2 O-O 6. Nf3 e5 7. O-O Nc6 8. d5 Ne7
9. b4 Ne8 10. a4 f5 11. Ng5 fxe4 12. Ncxe4 Nf5 13. Ra3 Nf6 14. c5 b6 15. cxb6
axb6 16. a5 bxa5 17. bxa5 Nd4 18. a6 Nxd5 19. Bc4 c6 20. Nc3 Kh8 21. Nxd5 cxd5
22. Bxd5 Ra7 23. Re1 h6 24. Ne4 Rxa6 25. Rxa6 Bxa6 26. Qg4 g5 27. h4 Bc8 28. Qh5
Qa5 29. Bd2 Qxd5 30. hxg5 Qf7 31. Qxf7 Rxf7 32. Nxd6 Rf8 33. gxh6 Bf6 34. f4
exf4 35. Nxc8 Rxc8 {Game drawn by mutual agreement} 1/2-1/2

[Event "Team 45 45 League T52"]
[Site "Internet Chess Club"]
[Date "2012.03.18"]
[Round "5"]
[White "PandorasBox"]
[Black "egyptiantiger"]
[Result "1-0"]
[WhiteElo "1928"]
[BlackElo "2111"]
[Opening "English, 1...Nf6 (Anglo-Indian defense)"]
[ECO "A15"]
[Time "18:16:24"]
[TimeControl "2700+45"]

1. c4 Nf6 2. g3 g6 3. Bg2 Bg7 4. Nc3 O-O 5. d3 c6 6. e4 d6 7. Nge2 e5 8. O-O Be6
9. f4 Qb6+ 10. Kh1 Ng4 11. Qe1 f5 12. Na4 Qa6 13. Nac3 Nd7 14. h3 Nh6 15. Be3
Rae8 16. Qd2 Nf7 17. b4 Nf6 18. a4 b6 19. b5 Qc8 20. bxc6 fxe4 21. f5 gxf5 22.
Kh2 exd3 23. Qxd3 e4 24. Qd2 Bxc4 25. Rac1 d5 26. Nb5 Qxc6 27. Ned4 Qd7 28. Rxf5
Re5 29. g4 Bxb5 30. axb5 Rxf5 31. gxf5 Nh5 32. Nc6 Ne5 33. Qxd5+ Qxd5 34. Ne7+
Kh8 35. Nxd5 Nd3 36. Rc2 Be5+ 37. Kg1 Ne1 38. Re2 Nxg2 39. Rxg2 Rxf5 40. Ne7 Rf8
41. Nc6 Bg7 42. Nxa7 Nf4 43. Rg4 Be5 44. Nc6 Nxh3+ 45. Kg2 Nf4+ 46. Kh1 h5 47.
Rg5 Bc7 48. Bd4+ Kh7 49. Rg7+ Kh6 50. Rxc7 Ne6 51. Be3+ Kg6 52. Re7 Rf6 53. Bxb6
Kf5 54. Be3 Nf4 55. Re5+ Kg6 56. Rxe4 Ne2 57. Re5 h4 58. Kg2 Nc3 59. Ne7+ Kg7
60. Bd4 h3+ 61. Kh2 {Black forfeits on time} 1-0

[Event "Team 45 45 League T52"]
[Site "Internet Chess Club"]
[Date "2012.03.18"]
[Round "5"]
[White "frontier"]
[Black "Deckfuel"]
[Result "1-0"]
[WhiteElo "2057"]
[BlackElo "1902"]
[Opening "English opening"]
[ECO "A10"]
[Time "16:00:19"]
[TimeControl "2700+45"]

1. c4 b6 2. Nc3 Bb7 3. d4 f5 4. Nf3 Nf6 5. g3 e6 6. Bg2 Be7 7. O-O O-O 8. b3 Ne4
9. Bb2 Nxc3 10. Bxc3 Bf6 11. Rc1 Qe8 12. d5 e5 13. Qc2 f4 14. Nd2 d6 15. Ne4 Nd7
16. Bh3 Bc8 17. gxf4 Nc5 18. Bxc8 Qxc8 19. fxe5 Qg4+ 20. Ng3 dxe5 21. b4 Nd7 22.
Qe4 Qxe4 23. Nxe4 Bh4 24. f3 Rae8 25. Bd2 h6 26. c5 Nf6 27. Nxf6+ Rxf6 28. Rc4
Rg6+ 29. Rg4 Rxg4+ 30. fxg4 e4 31. Bf4 Bd8 32. d6 cxd6 33. cxd6 e3 34. Kg2 g5
35. Bg3 Re4 36. Rc1 Kf7 37. a3 Ke6 38. Kf3 Kd5 39. Rc8 Re8 40. d7 Rf8+ 41. Kxe3
Ke6 42. Bc7 {Black resigns} 1-0

[Event "Team 45 45 League T52"]
[Site "Internet Chess Club"]
[Date "2012.03.20"]
[Round "5"]
[White "JohanWassermann"]
[Black "shyguy"]
[Result "0-1"]
[WhiteElo "1985"]
[BlackElo "2272"]
[Opening "Caro-Kann: Panov-Botvinnik attack, 5...e6"]
[ECO "B14"]
[Time "15:16:17"]
[TimeControl "2700+45"]

1. e4 c6 2. d4 d5 3. exd5 cxd5 4. c4 Nf6 5. Nc3 e6 6. Nf3 Bb4 7. Bd3 dxc4 8.
Bxc4 O-O 9. O-O b6 10. Bg5 Bb7 11. Rc1 Nc6 12. Bd3 Be7 13. Bb1 Rc8 14. Re1 Nb4
15. Ne5 Nbd5 16. Qd3 Nb4 17. Qd1 Nfd5 18. Qh5 f5 19. Bd2 Nc6 20. Nf3 Nf6 21. Qh4
Ne4 22. Qf4 e5 23. dxe5 g5 24. Qe3 Bc5 25. Qe2 Bxf2+ 26. Kh1 Bxe1 27. Nxe4 Bxd2
28. Nexd2 Nd4 29. Rxc8 Nxe2 30. Rxd8 Rxd8 {White resigns} 0-1

[Event "Team 45 45 League T52"]
[Site "Internet Chess Club"]
[Date "2012.03.20"]
[Round "5"]
[White "Dreamshell"]
[Black "CS-Attila"]
[Result "0-1"]
[WhiteElo "1980"]
[BlackElo "1983"]
[Opening "Grünfeld: exchange variation"]
[ECO "D85"]
[Time "18:02:35"]
[TimeControl "2700+45"]

1. d4 Nf6 2. c4 g6 3. Nc3 d5 4. cxd5 Nxd5 5. e4 Nxc3 6. bxc3 c5 7. Be3 Bg7 8.
Nf3 Nc6 9. Qd2 Qa5 10. Rc1 cxd4 11. cxd4 Qxd2+ 12. Kxd2 O-O 13. Bb5 Rd8 14. Bxc6
bxc6 15. Rc5 Rb8 16. Rhc1 Rb2+ 17. R1c2 Rxc2+ 18. Kxc2 f5 19. Ne5 Bxe5 20. Rxe5
Kf7 21. f3 e6 22. Ra5 a6 23. Kc3 Bb7 24. Rc5 Ba8 25. Bf4 Rd7 26. Ra5 Bb7 27. Rc5
Ba8 28. Be5 Ke8 29. Kb4 Rb7+ 30. Ka5 Rb2 31. a4 Kd7 32. Kxa6 Bb7+ 33. Ka7 Rb4
34. a5 Kc8 35. d5 exd5 36. exd5 Rb5 37. dxc6 Bxc6 38. Rxc6+ Kd7 39. Rc7+ Kd8 40.
f4 Rxa5+ 41. Kb6 Ra2 42. Rxh7 Rxg2 43. Re7 Kxe7 {White resigns} 0-1

[Event "Team 45 45 League T52"]
[Site "Internet Chess Club"]
[Date "2012.03.19"]
[Round "5"]
[White "Chatica"]
[Black "Pomberito"]
[Result "1/2-1/2"]
[WhiteElo "2217"]
[BlackElo "2088"]
[Opening "Center game: Berger variation"]
[ECO "C22"]
[Time "21:02:41"]
[TimeControl "2700+45"]

1. e4 e5 2. d4 exd4 3. Qxd4 Nc6 4. Qe3 Nf6 5. Nc3 Bb4 6. Bd2 O-O 7. O-O-O Re8 8.
Qg3 Rxe4 9. a3 Rg4 10. Qe3 Ba5 11. h3 Bb6 12. Qe1 Rg6 13. g4 Ne8 14. Bc4 Ne7 15.
f4 d5 16. f5 Rd6 17. Bb3 c5 18. Bf4 Rd7 19. Nxd5 Kf8 20. Nxe7 Rxd1+ 21. Qxd1
Qxd1+ 22. Kxd1 Kxe7 23. Nf3 f6 24. Re1+ Kd8 25. Nd2 Bd7 26. Bd5 Bc7 27. Be3 Bd6
28. Nc4 Be7 29. Bxb7 Rb8 30. Ba6 Nc7 31. Bf4 Nxa6 32. Bxb8 Nxb8 33. b3 Nc6 34.
c3 {Game drawn by mutual agreement} 1/2-1/2

[Event "Team 45 45 League T52"]
[Site "Internet Chess Club"]
[Date "2012.03.16"]
[Round "5"]
[White "VillaBallester"]
[Black "eurander"]
[Result "1/2-1/2"]
[WhiteElo "2070"]
[BlackElo "2137"]
[Opening "Caro-Kann: anti-anti-Caro-Kann defense"]
[ECO "B10"]
[Time "14:02:27"]
[TimeControl "2700+45"]

1. e4 c6 2. c4 d5 3. exd5 cxd5 4. cxd5 Nf6 5. Qa4+ Nbd7 6. Nc3 g6 7. Nf3 Bg7 8.
Bc4 O-O 9. d3 a6 10. Qa3 b6 11. O-O Bb7 12. Re1 Re8 13. Ng5 b5 14. Bb3 Rc8 15.
d6 e6 16. Nge4 Nd5 17. Bg5 Qb6 18. Nxd5 exd5 19. Be3 Bd4 20. Bxd4 Qxd4 21. Ng5
Qg4 22. Nf3 d4 23. h3 Qf4 24. Rxe8+ Rxe8 25. Re1 Rxe1+ 26. Nxe1 Qd2 27. Kf1 Kg7
28. Bc2 h5 29. Qb3 Nc5 30. Qa3 Nd7 31. Qb3 Nc5 {Game drawn by mutual agreement}
1/2-1/2

[Event "Team 45 45 League T52"]
[Site "Internet Chess Club"]
[Date "2012.03.24"]
[Round "5"]
[White "SlimeDog2"]
[Black "MarioFrank"]
[Result "0-1"]
[WhiteElo "2108"]
[BlackElo "2095"]
[Opening "QGD Slav: Wiesbaden variation"]
[ECO "D17"]
[Time "17:04:07"]
[TimeControl "2700+45"]

1. d4 d5 2. c4 c6 3. Nf3 Nf6 4. Nc3 dxc4 5. a4 Bf5 6. Ne5 e6 7. f3 Bb4 8. e4
Bxe4 9. fxe4 Nxe4 10. Bd2 Qxd4 11. Nxe4 Qxe4+ 12. Qe2 Bxd2+ 13. Kxd2 Qd5+ 14.
Kc2 Na6 15. Nxc4 O-O-O 16. Qe3 Nc5 17. Be2 Qxg2 18. Rhg1 Qxh2 19. Rxg7 Rd3 20.
Rh1 Qxh1 21. Bxd3 Qd5 22. Rxf7 h5 23. Be2 Rd8 24. Qf4 e5 25. Nxe5 Ne6 26. Qf5
Kb8 27. Kb1 Nd4 28. Nd7+ Rxd7 29. Qxd7 Qxd7 30. Rxd7 Nxe2 31. Rh7 Nf4 32. Kc2 a5
33. Kc3 Ka7 34. Kc4 Ka6 35. Rh6 Kb6 36. Rf6 Nd5 37. Rf5 Ne3+ {White resigns} 0-1

[Event "Team 45 45 League T52"]
[Site "Internet Chess Club"]
[Date "2012.03.14"]
[Round "5"]
[White "robertoalvarez"]
[Black "Epcot"]
[Result "1-0"]
[WhiteElo "2067"]
[BlackElo "1944"]
[Opening "Nimzo-Indian: e3, Hübner variation"]
[ECO "E41"]
[Time "22:00:44"]
[TimeControl "2700+45"]

1. d4 Nf6 2. c4 e6 3. Nc3 Bb4 4. e3 c5 5. Nf3 Nc6 6. Bd3 Bxc3+ 7. bxc3 d6 8. O-O
e5 9. Nd2 O-O 10. Rb1 exd4 11. exd4 cxd4 12. cxd4 Nxd4 13. Ne4 Ne6 14. Nxd6 Qc7
15. Bb2 Ne8 16. Nb5 Qc6 17. Qc2 f5 18. Bxf5 Nf4 19. Bxh7+ Kh8 20. Be4 Bf5 21.
Rbe1 Qg6 22. g3 Nh3+ 23. Kg2 Qg4 24. f3 Qh5 25. Bxf5 Rxf5 26. Nd4 Rg5 27. f4 Rg6
28. Qf5 {Black resigns} 1-0

[Event "Team 45 45 League T52"]
[Site "Internet Chess Club"]
[Date "2012.03.18"]
[Round "5"]
[White "qs16"]
[Black "Terlizzi"]
[Result "1-0"]
[WhiteElo "1773"]
[BlackElo "1655"]
[Opening "Queen's pawn game"]
[ECO "A45"]
[Time "10:00:30"]
[TimeControl "2700+45"]

1. d4 Nf6 2. Nd2 d5 3. e3 e6 4. Bd3 c5 5. c3 cxd4 6. cxd4 Be7 7. f4 O-O 8. Ngf3
Nc6 9. O-O Nb4 10. Bb1 Bd7 11. Ne5 Bb5 12. Rf3 Nd7 13. Bxh7+ Kh8 14. Rh3 Nf6 15.
Bd3+ Kg8 16. Bxb5 {Black resigns} 1-0

[Event "Team 45 45 League T52"]
[Site "Internet Chess Club"]
[Date "2012.03.20"]
[Round "5"]
[White "AVEMARIA"]
[Black "SugarIslander"]
[Result "1-0"]
[WhiteElo "1632"]
[BlackElo "1635"]
[Opening "Caro-Kann: advance variation"]
[ECO "B12"]
[Time "19:01:36"]
[TimeControl "2700+45"]

1. e4 c6 2. d4 d5 3. e5 Bf5 4. Be3 e6 5. Nd2 Nd7 6. Ngf3 h6 7. Be2 Bb4 8. c3 Ba5
9. O-O Ne7 10. g3 Bh3 11. Re1 Nf5 12. Bf1 Bxf1 13. Nxf1 Nxe3 14. Nxe3 Qe7 15. b4
Bc7 16. Qc2 O-O 17. Nh4 Rfe8 18. Re2 a5 19. bxa5 Bxa5 20. Rb1 b5 21. f4 Nf8 22.
f5 exf5 23. Nhxf5 Qg5 24. Rf1 Bc7 25. Rf4 Ng6 26. h4 Qd8 27. Rg4 Re6 28. h5 Ne7
29. Nxg7 Rg6 30. hxg6 Kxg7 31. Nf5+ Nxf5 32. Qxf5 f6 33. exf6+ Kg8 34. Re7 Rxa2
35. Qe6+ {Black resigns} 1-0

[Event "Team 45 45 League T52"]
[Site "Internet Chess Club"]
[Date "2012.03.17"]
[Round "5"]
[White "oldsj"]
[Black "Warpdrive"]
[Result "1/2-1/2"]
[WhiteElo "1543"]
[BlackElo "1642"]
[Opening "Caro-Kann: Panov-Botvinnik attack, 5...e6"]
[ECO "B14"]
[Time "15:00:36"]
[TimeControl "2700+45"]

1. e4 c6 2. d4 d5 3. exd5 cxd5 4. c4 Nf6 5. Nc3 e6 6. Nf3 h6 7. cxd5 Nxd5 8. Bc4
Nxc3 9. bxc3 Bd6 10. O-O Nd7 11. Re1 O-O 12. Qb3 Qc7 13. Be3 b6 14. h3 Bb7 15.
Be2 Nf6 16. c4 Rac8 17. Rab1 Bxf3 18. Bxf3 Qxc4 19. Be2 Qxb3 20. axb3 Bb4 21.
Rec1 Nd5 22. Ba6 Rxc1+ 23. Rxc1 Nxe3 24. fxe3 Bd2 25. Rc7 Bxe3+ 26. Kf1 Bxd4 27.
Rxa7 Rd8 28. Rc7 Bc5 29. Ke2 g5 30. Rc8 Rxc8 31. Bxc8 Kg7 32. g4 Kf6 33. Kf3 Ke5
34. Ba6 f5 35. Bc4 f4 36. Ke2 Kf6 37. Kf3 e5 38. Ke4 Bd4 39. Bd5 Be3 40. Bc4 Bc5
41. Bd5 Bd4 42. Bc4 {Game drawn by mutual agreement} 1/2-1/2

[Event "Team 45 45 League T52"]
[Site "Internet Chess Club"]
[Date "2012.03.15"]
[Round "5"]
[White "tightfist"]
[Black "smsxman"]
[Result "1-0"]
[WhiteElo "1524"]
[BlackElo "1441"]
[Opening "English opening"]
[ECO "A16"]
[Time "20:05:12"]
[TimeControl "2700+45"]

1. c4 Nf6 2. Nc3 Nc6 3. d4 d5 4. cxd5 Nxd5 5. g3 e6 6. Bg2 Bb4 7. Bd2 Bxc3 8.
bxc3 O-O 9. Nf3 Nce7 10. O-O Bd7 11. Qb3 Bc6 12. Ne5 Rb8 13. Rab1 b6 14. c4 Bb7
15. cxd5 Nxd5 16. e3 c5 17. Bc3 Nxc3 18. Qxc3 Bxg2 19. Kxg2 Qd5+ 20. f3 Rfc8 21.
Rb2 f6 22. Nd3 c4 23. Nb4 Qb7 24. a4 a5 25. Na2 Qc6 26. Rb5 Rd8 27. Rc1 Rbc8 28.
Rc2 Qd6 29. Nc1 Qb8 30. Rcb2 Rc6 31. Rxa5 Rd5 32. Rxd5 exd5 33. Rb5 Qd6 34. Qb4
Qe6 35. Kf2 Qh3 36. Kg1 Qe6 37. Qe1 c3 38. a5 c2 39. Rxb6 Rxb6 40. axb6 Qxb6 41.
Qc3 Qb1 42. Qd2 Kf7 43. Kf2 h6 44. Ke2 Qb5+ 45. Kf2 Qb1 46. Kg2 g5 47. h3 h5 48.
e4 Ke6 49. Qe3 Kd6 50. e5+ Ke7 51. f4 g4 52. f5 Kf7 53. e6+ Ke7 54. h4 Qb4 55.
Kf2 Qc4 56. Qd3 Qc6 57. Qa3+ Ke8 58. Nd3 Qc4 59. Ke3 Qb5 60. Qa8+ Ke7 61. Qc8
Qa4 62. Qc7+ Ke8 63. Qd7+ Qxd7 64. exd7+ Kxd7 65. Kd2 Kc6 66. Kxc2 Kb5 67. Kb3
Ka5 68. Nf4 {Black resigns} 1-0

[Event "Team 45 45 League T52"]
[Site "Internet Chess Club"]
[Date "2012.03.15"]
[Round "5"]
[White "quotha"]
[Black "ben304"]
[Result "1-0"]
[WhiteElo "1668"]
[BlackElo "1695"]
[Opening "Queen's pawn game"]
[ECO "A45"]
[Time "14:00:41"]
[TimeControl "2700+45"]

1. d4 Nf6 2. g3 e6 3. Bg2 d5 4. Nf3 c5 5. e3 Nc6 6. O-O Bd6 7. dxc5 Bxc5 8. c4
O-O 9. cxd5 Nxd5 10. a3 Qf6 11. Qc2 Bb6 12. Nbd2 h6 13. Ne4 Qe7 14. b3 Rd8 15.
Bb2 e5 16. Rfd1 Bf5 17. Nfd2 Rac8 18. Nc4 Bxe4 19. Bxe4 Nf6 20. Bf5 Rxd1+ 21.
Rxd1 Rc7 22. Nxb6 Nd4 23. Qd3 Nxf5 24. Qxf5 axb6 25. Qxe5 Qxe5 26. Bxe5 Rc6 27.
Rd8+ Kh7 28. Bd4 Ne4 29. Rd7 Kg6 30. Rxb7 Nd2 31. Bxb6 Rc1+ 32. Kg2 Nxb3 33. a4
Rb1 34. Ra7 Nd2 35. Bd4 f6 36. a5 Kf5 37. Rxg7 Ke4 38. Rg4+ Kd3 39. Bxf6 Ke2 40.
Rf4 Rf1 41. a6 Ne4 42. a7 Nxf2 43. a8=Q {Black resigns} 1-0

[Event "Team 45 45 League T52"]
[Site "Internet Chess Club"]
[Date "2012.03.17"]
[Round "5"]
[White "portis2"]
[Black "dschesq"]
[Result "1-0"]
[WhiteElo "1568"]
[BlackElo "1606"]
[Opening "English: symmetrical, hedgehog system"]
[ECO "A30"]
[Time "20:00:50"]
[TimeControl "2700+45"]

1. c4 Nf6 2. Nf3 c5 3. g3 b6 4. Bg2 Bb7 5. O-O e6 6. Nc3 Be7 7. d4 cxd4 8. Qxd4
Nc6 9. Qf4 a6 10. Be3 Bc5 11. Na4 Bxe3 12. Qxe3 b5 13. cxb5 axb5 14. Nc5 Qb6 15.
Ne5 d5 16. Nxf7 O-O 17. Nd6 Bc8 18. Nxc8 Raxc8 19. Qxe6+ Kh8 20. Nd7 Nxd7 21.
Qxd7 Rcd8 22. Qg4 Ne5 23. Qb4 Rf6 24. Rad1 Rdf8 25. e3 Nc4 26. Rxd5 Nxe3 27.
Rxb5 Qd8 28. fxe3 Rxf1+ 29. Bxf1 Rxf1+ 30. Kxf1 Qd3+ 31. Kf2 Qc2+ 32. Kf3 Qd1+
33. Kf4 Qf1+ 34. Ke4 h6 35. Rb8+ Kh7 36. Ke5 Qf6+ 37. Kd5 Qf7+ 38. Kd4 Qf6+ 39.
Kd3 Qf1+ 40. Kc3 Qf6+ 41. Qd4 Qc6+ 42. Qc4 Qf6+ 43. Kb3 {Black resigns} 1-0